 Dungeon Crawl Stone Soup version 0.17.2-1-ge4368a0 (webtiles) character file.

97 ololoev the Chopper (level 4, -5/35 HPs)
             Began as a Demonspawn Berserker on July 25, 2016.
             Was a Believer of Trog.
             Slain by an ogre
             ... wielding a +0 giant spiked club
              (17 damage)
             ... on level 4 of the Dungeon.
             The game lasted 00:02:26 (371 turns).

ololoev the Chopper (Demonspawn Berserker)           Turns: 371, Time: 00:02:26

Health: -5/35      AC:  2    Str: 18    XL:     4   Next: 42%
Magic:  4/4        EV: 12    Int:  5    God:    Trog [**....]
Gold:   57         SH:  0    Dex: 13    Spells: 0 memorised, 3 levels left

rFire  . . .     SeeInvis .     a - +0 hand axe
rCold  . . .     Clarity  .     b - +0 animal skin
rNeg   . . .     SustAt   .     (no shield)
rPois  .         Gourm    .     (no helmet)
rElec  .         Spirit   .     (no cloak)
rCorr  .         Warding  .     (no gloves)
rMut   .         Stasis   .     (no boots)
MR     .....                    (no amulet)
Stlth  +.........               (no ring)
                                d - -3 ring of intelligence (curse)

@: exhausted, slowed, very slow, not resistant to hostile enchantments, very
unstealthy
A: claws 1, powered by pain 1
a: Berserk, Trog's Hand, Burn Spellbooks, Renounce Religion


Innate Abilities, Weirdness & Mutations

You have sharp fingernails.
You sometimes gain a little power by taking damage.

Inventory:

Hand Weapons
 a - a +0 hand axe (weapon)
Armour
 b - a +0 animal skin (worn)
Jewellery
 d - a cursed -3 ring of intelligence (left claw)
Scrolls
 e - a scroll of teleportation {unknown}
 h - a scroll of recharging {unknown}
Potions
 i - a potion of might {unknown}
Comestibles
 c - 2 bread rations
 f - 2 chunks of flesh
 g - a beef jerky


   Skills:
 - Level 3.0 Fighting
 * Level 4.1 Axes
 + Level 2.9 Armour
 - Level 1.7 Dodging


You had 3 spell levels left.
You didn't know any spells.


You were on level 4 of the Dungeon.
You worshipped Trog.
Trog was pleased with you.
You were not hungry.

You visited 2 branches of the dungeon, and saw 5 of its levels.

You collected 57 gold pieces.

#.............
#..........#..
#..........#
..###...#### ##
#.⌠.# ####...####
#### #.........# #o.
#.⌠..>..⌠.## #O#
#..........####@##.#
####...###...))....#
#.⌠.# ##.###)####
#...# #.## #.#
####.#.# #.. .##
#### ##

Notes
Turn   | Place    | Note
--------------------------------------------------------------
     0 | D:1      | ololoev the Demonspawn Berserker began the quest for the Orb.
     0 | D:1      | Reached XP level 1. HP: 18/18 MP: 1/1
   158 | D:1      | Gained mutation: You sometimes gain a little power by taking damage. [demonic ancestry]
   158 | D:1      | Reached XP level 2. HP: 20/24 MP: 2/2
   264 | D:4      | Found a basalt altar of Yredelemnul.
   285 | D:4      | Gained mutation: You have sharp fingernails. [demonic ancestry]
   285 | D:4      | Reached XP level 3. HP: 11/29 MP: 3/3
   316 | D:4      | Found a staircase to the Ecumenical Temple.
   325 | Temple   | Entered the Ecumenical Temple
   361 | D:4      | Reached skill level 4 in Axes
   361 | D:4      | Reached XP level 4. HP: 15/35 MP: 4/4
   364 | D:4      | Reached ** piety under Trog
   365 | D:4      | Noticed an ogre
   371 | D:4      | Slain by an ogre

Dungeon Overview and Level Annotations

Branches:
Dungeon (4/15)             Temple (1/1) D:4

Altars:
Dithmenos
Elyvilon
Gozag
Makhleb
Nemelex Xobeh
Vehumet
Xom
Yredelemnul
The Shining One


Message History

You kill the orc wizard!
Trog accepts your kill.
Trog appreciates your killing of a magic user.
Your Axes skill increases to level 4!
You have reached level 4!
You feel agile.
An orc comes into view. It is wielding a flail.
You slash the orc!
You kill the orc!
Trog accepts your kill.
Items here: ))) [[ †† You slash the orc!
You kill the orc!
Trog accepts your kill.
You can now call upon Trog for regeneration and protection from hostile enchantments.
An ogre comes into view. It is wielding a giant spiked club.
You see here a flail.
You feel a strong urge to attack something.
You completely miss the ogre. The ogre barely misses you.
Unknown command.
You hit the ogre.
The ogre is moderately wounded.
You are no longer berserk.
You are exhausted.
You feel yourself slow down.
Unknown command.
You hit the ogre.
The ogre is heavily wounded.
The ogre barely misses you.
Unknown command.
You slash the ogre!
The ogre is severely wounded.
The ogre barely misses you. The ogre hits you but does no damage.
An orc wizard comes into view. It is wielding a dagger.
Unknown command.
The orc wizard shouts!
You hit the ogre.
The ogre is almost dead.
The ogre hits you with a giant spiked club!
You die...

You could see an ogre and an orc wizard.

Vanquished Creatures
  2 orc wizards (D:4)
  A worker ant (D:4)
  An adder (D:2)
  2 orcs (D:4)
  2 hobgoblins
  2 kobolds (D:1)
  2 bats (D:1)
  A giant cockroach (D:1)
  A giant newt (D:1)
  A goblin (D:1)
15 creatures vanquished.

Action                   |  1- 3 |  4- 6 || total
-------------------------+-------+-------++-------
Melee: Hand axe          |    38 |     7 ||    45
Invok: Berserk           |     2 |       ||     2
  Use: Potion            |     1 |       ||     1
 Stab: Sleeping          |     1 |       ||     1

Vault maps used:
D:1:      dpeg_arrival_rooms_with_view, minmay_misc_feat_more_columns,
          minmay_misc_feat_pillars, serial_bayou_ford_a
D:3:      lemuel_crystal_altar, first_bread, corexii_hall_statues_i,
          kennysheep_generic_room_12, uniq_natasha
D:4:      yredelemnul_forgotten_temple_becter, minmay_temple_entry_junction,
          st_stairs_12, nicolae_dithmenos_through_a_glass_darkly, uniq_duvessa,
          uniq_edmund
Temple:   triangle_lava_temple_11
